General information
- name: Local Game (timg5strok)
- type: Custom game
- host: timg5strok
- saver: timg5strok
map: TerenasStand
- players: 2
- length: 16:14
- speed: Fast
- version: 1.24 W3XP
- replay type: Public
» download(120 KB)
Players
team 1 (winner)
timg5strok (
gray | 164 APM | 2663 actions | 16:14)
4 Demon Hunter
2 Mana Burn
2 Evasion
3 Naga Sea Witch
1 Frost Arrows
2 Forked Lightning
1 Pit Lord
1 Howl of Terror
» actions
| Assign group hotkey | 23 | |
| Basic commands | 52 | |
| Build / train | 61 | |
| Enter build submenu | 18 | |
| Enter hero's abilities submenu | 8 | |
| Give item / drop item | 2 | |
| Right click | 1387 | |
| Select / deselect | 273 | |
| Select group hotkey | 752 | |
| Use ability | 87 | |
2663 total
» units
| Wisp | 16 | |
| Druid of the Talon | 5 | |
| Dryad | 2 | |
| Druid of the Claw | 5 | |
28 total
» upgrades
| Druid of the Talon Training | 2 | |
| Abolish Magic | 1 | |
| Well Spring | 1 | |
| Druid of the Claw Training | 2 | |
| Strength of the Wild | 1 | |
7 total
» buildings
| Altar of Elders | 1 | |
| Moon Well | 6 | |
| Ancient of War | 1 | |
| Tree of Ages | 1 | |
| Hunter's Hall | 1 | |
| Ancient Protector | 1 | |
| Ancient of Wind | 1 | |
| Ancient of Lore | 3 | |
| Ancient of Wonders | 1 | |
| Tree of Eternity | 1 | |
17 total
» build order
00:03 Altar of Elders
00:18 Moon Well
00:54 Ancient of War
02:21 Tree of Ages
02:53 Moon Well
02:54 Moon Well
03:13 Hunter's Hall
03:44 Moon Well
03:45 Moon Well
04:17 Moon Well
04:28 Ancient Protector
05:35 Ancient of Wind
07:13 Ancient of Lore
07:27 Ancient of Wonders
08:16 Tree of Eternity
09:50 Ancient of Lore
15:49 Ancient of Lore
» items
| Boots of Speed | 1 | |
| Dust of Appearance | 1 | |
| Scroll of Town Portal | 1 | |
| Staff of Preservation | 2 | |
| Potion of Healing | 4 | |
| Orb of Venom | 1 | |
| Moonstone | 1 | |
| Scroll of Healing | 1 | |
12 total
team 2 (loser)
Asp_ (
dark-green | 203 APM | 3302 actions | 16:13)
3 Blademaster
2 Wind Walk
1 Critical Strike
3 Tauren Chieftain
2 Shockwave
1 Endurance Aura
» actions
| Assign group hotkey | 28 | |
| Basic commands | 23 | |
| Build / train | 64 | |
| Enter build submenu | 16 | |
| Enter hero's abilities submenu | 6 | |
| Give item / drop item | 2 | |
| Right click | 1757 | |
| Select / deselect | 296 | |
| Select group hotkey | 991 | |
| Use ability | 119 | |
3302 total
» units
| Peon | 10 | |
| Grunt | 8 | |
| Raider | 7 | |
| Spirit Walker | 5 | |
30 total
» upgrades
| Ensnare | 1 | |
| Spirit Walker Training | 1 | |
| Berserker Strength | 1 | |
| Armor | 1 | |
| Melee Weapons | 1 | |
5 total
» buildings
| Altar of Storms | 1 | |
| Orc Burrow | 8 | |
| Barracks | 1 | |
| Voodoo Lounge | 1 | |
| Stronghold | 3 | |
| Beastiary | 1 | |
| Spirit Lodge | 1 | |
| War Mill | 1 | |
17 total
» build order
00:03 Altar of Storms
00:16 Orc Burrow
00:35 Barracks
01:30 Orc Burrow
01:57 Voodoo Lounge
03:15 Stronghold
03:15 Stronghold
03:15 Stronghold
03:54 Orc Burrow
05:46 Beastiary
06:06 Spirit Lodge
08:04 Orc Burrow
08:06 Orc Burrow
08:45 Orc Burrow
09:14 Orc Burrow
10:45 Orc Burrow
11:45 War Mill
» items
| Healing Salve | 6 | |
| Scroll of Speed | 3 | |
| Boots of Speed | 1 | |
| Lesser Clarity Potion | 2 | |
| Potion of Healing | 1 | |
| Scroll of Protection | 1 | |
| Scroll of Healing | 1 | |
15 total
Chat log
(00:08 / All) Asp_: last word, even
(00:08 / All) timg5strok: oops placed bad altar
(00:17 / All) Asp_: RM?
(00:20 / All) timg5strok: nah
(00:23 / All) Asp_: kk
(00:34 / All) timg5strok: testen a new strat
(00:37 / All) timg5strok: maybe it work
(04:08 / All) timg5strok: yo
(04:09 / All) timg5strok: no lag
(04:10 / All) timg5strok: is nutsa
(04:13 / All) Asp_: lol
(04:18 / All) Asp_: yeah it's nice
(04:21 / All) timg5strok: cant deal with it
(04:27 / All) Asp_: why not
(07:19 / All) Asp_: FUCK
(07:21 / All) timg5strok: lol
(07:53 / All) timg5strok: fuck this gay earth
(16:10 / All) Asp_: gg
(16:12 / All) timg5strok: gg